[ AOE2 MATCH · #484409506 ]
Team RMMongols vs Franks
[ REPLAY ANALYSIS · EXTRACTED FROM THE RECORDED GAME ]
Feudal
14:24
Castle
19:25
Imperial
37:31
| APM avg | 22.0 |
| APM peak | 42 |
| eAPM avg | 14.2 |
| Villagers / military | 95 / 71 |
Focus
⚔️ 23.2% · 🌾 76.8%
Camel Scout ×38 · Mangudai ×15 · Cavalry Archer ×10 · Trebuchet (Packed) ×5 · Knight ×2 · Monk ×1
Feudal
17:17
Castle
23:54
Imperial
—
| APM avg | 22.0 |
| APM peak | 61 |
| eAPM avg | 11.7 |
| Villagers / military | 111 / 40 |
Focus
⚔️ 14.3% · 🌾 85.7%
Fishing Ship ×34 · Huskarl ×20 · Spearman ×14 · Scout Cavalry ×6
Feudal
—
Castle
—
Imperial
—
| APM avg | 38.3 |
| APM peak | 107 |
| eAPM avg | 17.1 |
| Villagers / military | 131 / 106 |
Focus
⚔️ 38.5% · 🌾 61.5%
Archer ×78 · Spearman ×23 · Trebuchet (Packed) ×5
Feudal
15:08
Castle
21:13
Imperial
40:11
| APM avg | 15.5 |
| APM peak | 46 |
| eAPM avg | 6.0 |
| Villagers / military | 58 / 24 |
Focus
⚔️ 9.7% · 🌾 90.3%
Knight ×24
Feudal
14:29
Castle
24:22
Imperial
47:06
| APM avg | 15.1 |
| APM peak | 34 |
| eAPM avg | 8.8 |
| Villagers / military | 53 / 60 |
Focus
⚔️ 20.2% · 🌾 79.8%
Knight ×53 · Fishing Ship ×5 · Camel Scout ×4 · Unknown (2626) ×3 · Fire Galley ×2 · Militia ×1
Feudal
14:44
Castle
25:16
Imperial
—
| APM avg | 12.4 |
| APM peak | 28 |
| eAPM avg | 6.1 |
| Villagers / military | 67 / 49 |
Focus
⚔️ 17.7% · 🌾 82.3%
Archer ×46 · Fishing Ship ×7 · Spearman ×2 · Monk ×1
Match map
Resources at game start + every placement click. Thick line = wall · dashed box = detected house wall. 🟡 gold · ⚪ stone · 🟢 berries · 🔶 boar · ⭕ relic
Inputs per minute
— SF PLAYER - - fabricio.blase.esquivel
Build order — SF PLAYER
First 150 of 329 actions detected
| 1:12 | Build | Town Center |
| 3:23 | Build | House |
| 3:28 | Create | Villager (Male) |
| 3:29 | Create | Villager (Male) |
| 3:42 | Create | Villager (Male) |
| 3:42 | Create | Villager (Male) |
| 3:43 | Create | Villager (Male) |
| 4:55 | Create | Villager (Male) |
| 4:55 | Create | Villager (Male) |
| 5:39 | Create | Villager (Male) |
| 5:39 | Create | Villager (Male) |
| 5:41 | Build | House |
| 6:17 | Create | Villager (Male) |
| 6:19 | Create | Villager (Male) |
| 6:20 | Create | Villager (Male) |
| 6:25 | Create | Villager (Male) |
| 6:46 | Create | Villager (Male) |
| 6:47 | Create | Villager (Male) |
| 7:41 | Build | House |
| 7:52 | Create | Villager (Male) |
| 8:20 | Build | Lumber Camp |
| 8:24 | Create | Villager (Male) |
| 8:53 | Create | Villager (Male) |
| 8:59 | Create | Villager (Male) |
| 9:14 | Build | Mill |
| 9:37 | Build | House |
| 10:13 | Create | Villager (Male) |
| 10:52 | Create | Villager (Male) |
| 11:02 | Build | Mining Camp |
| 11:19 | Create | Villager (Male) |
| 11:47 | Create | Villager (Male) |
| 12:14 | Research | Feudal Age |
| 12:26 | Build | House |
| 12:29 | Build | Palisade Wall |
| 12:31 | Build | House |
| 12:45 | Build | Palisade Gate |
| 13:09 | Build | Farm |
| 13:13 | Build | Farm |
| 13:45 | Build | Farm |
| 13:58 | Build | House |
| 14:03 | Build | Palisade Wall |
| 14:06 | Build | Palisade Wall |
| 14:18 | Create | Villager (Male) |
| 14:24 | Age | Feudal Age |
| 14:35 | Build | Market |
| 14:43 | Build | Blacksmith |
| 14:50 | Create | Villager (Male) |
| 15:18 | Create | Villager (Male) |
| 15:21 | Research | Horse Collar |
| 15:24 | Build | Farm |
| 15:33 | Build | Farm |
| 15:50 | Create | Villager (Male) |
| 16:16 | Build | Farm |
| 16:24 | Build | Farm |
| 16:46 | Research | Castle Age |
| 16:46 | Research | Castle Age |
| 16:57 | Build | Farm |
| 17:04 | Build | Palisade Wall |
| 17:10 | Build | Building 796 |
| 17:24 | Build | House |
| 17:35 | Research | Double-Bit Axe |
| 17:46 | Build | Farm |
| 17:47 | Build | Farm |
| 18:02 | Build | Palisade Wall |
| 18:15 | Build | Palisade Wall |
| 18:21 | Build | Palisade Wall |
| 18:25 | Build | Palisade Wall |
| 18:31 | Build | Barracks |
| 18:35 | Build | House |
| 18:48 | Build | Farm |
| 19:25 | Age | Castle Age |
| 19:32 | Create | Villager (Male) |
| 19:44 | Build | Town Center |
| 19:50 | Create | Villager (Male) |
| 20:03 | Create | Villager (Male) |
| 20:18 | Build | Archery Range |
| 20:36 | Create | Villager (Male) |
| 20:42 | Build | Farm |
| 21:10 | Create | Villager (Male) |
| 21:11 | Research | Wheelbarrow |
| 21:17 | Build | House |
| 21:19 | Build | Palisade Wall |
| 21:22 | Build | Palisade Gate |
| 21:24 | Create | Villager (Male) |
| 21:24 | Create | Villager (Male) |
| 21:27 | Research | Loom |
| 21:48 | Create | Cavalry Archer |
| 21:48 | Create | Cavalry Archer |
| 22:20 | Create | Villager (Male) |
| 22:26 | Create | Cavalry Archer |
| 22:30 | Build | House |
| 22:32 | Build | Palisade Wall |
| 22:38 | Research | Heavy Plow |
| 22:55 | Build | Archery Range |
| 22:57 | Create | Cavalry Archer |
| 23:00 | Create | Villager (Male) |
| 23:00 | Create | Villager (Male) |
| 23:01 | Create | Villager (Male) |
| 23:03 | Research | Gold Mining |
| 23:15 | Create | Villager (Male) |
| 23:42 | Research | Bow Saw |
| 24:05 | Create | Villager (Male) |
| 24:05 | Create | Villager (Male) |
| 24:33 | Research | Thumb Ring |
| 24:38 | Create | Villager (Male) |
| 24:38 | Create | Villager (Male) |
| 24:55 | Create | Villager (Male) |
| 24:58 | Create | Cavalry Archer |
| 25:03 | Create | Villager (Male) |
| 25:09 | Create | Cavalry Archer |
| 25:16 | Create | Cavalry Archer |
| 25:24 | Create | Villager (Male) |
| 25:30 | Build | Mining Camp |
| 25:32 | Create | Villager (Male) |
| 25:33 | Create | Villager (Male) |
| 25:38 | Build | Lumber Camp |
| 25:41 | Research | Fletching |
| 25:42 | Research | Scale Barding Armor |
| 25:44 | Create | Cavalry Archer |
| 25:57 | Create | Villager (Male) |
| 25:59 | Research | Hand Cart |
| 26:46 | Create | Villager (Male) |
| 26:48 | Research | Hand Cart |
| 26:54 | Create | Villager (Male) |
| 26:54 | Create | Villager (Male) |
| 26:58 | Build | Mining Camp |
| 27:01 | Create | Villager (Male) |
| 27:03 | Create | Villager (Male) |
| 27:20 | Build | Stable |
| 27:28 | Create | Villager (Male) |
| 27:30 | Create | Villager (Male) |
| 27:32 | Research | Stone Mining |
| 27:35 | Create | Villager (Male) |
| 28:35 | Create | Camel Scout |
| 28:35 | Create | Camel Scout |
| 28:35 | Create | Camel Scout |
| 28:41 | Build | Stable |
| 28:50 | Create | Villager (Male) |
| 28:54 | Create | Villager (Male) |
| 28:54 | Create | Villager (Male) |
| 29:00 | Build | Town Center |
| 29:03 | Create | Cavalry Archer |
| 29:04 | Create | Cavalry Archer |
| 29:11 | Build | House |
| 29:12 | Build | House |
| 29:13 | Build | House |
| 29:14 | Build | House |
| 29:15 | Build | House |
| 29:16 | Build | House |
| 29:18 | Build | Palisade Wall |
Build order — fabricio.blase.esquivel
First 150 of 237 actions detected
| 1:47 | Build | Town Center |
| 2:48 | Build | House |
| 3:46 | Create | Villager (Male) |
| 3:46 | Create | Villager (Male) |
| 3:47 | Create | Villager (Male) |
| 3:47 | Create | Villager (Male) |
| 3:47 | Create | Villager (Male) |
| 4:05 | Build | Dock |
| 4:30 | Build | House |
| 5:24 | Create | Villager (Male) |
| 5:58 | Create | Villager (Male) |
| 6:29 | Create | Fishing Ship |
| 6:41 | Create | Villager (Male) |
| 7:14 | Create | Fishing Ship |
| 8:01 | Create | Villager (Male) |
| 8:10 | Build | House |
| 8:12 | Build | House |
| 8:26 | Create | Villager (Male) |
| 8:33 | Create | Fishing Ship |
| 9:00 | Create | Villager (Male) |
| 9:01 | Create | Villager (Male) |
| 9:11 | Create | Fishing Ship |
| 9:48 | Create | Villager (Male) |
| 9:51 | Create | Fishing Ship |
| 10:02 | Build | House |
| 10:24 | Create | Fishing Ship |
| 10:55 | Build | Lumber Camp |
| 10:57 | Create | Villager (Male) |
| 10:59 | Create | Villager (Male) |
| 11:05 | Create | Villager (Male) |
| 11:06 | Create | Villager (Male) |
| 11:22 | Create | Fishing Ship |
| 11:41 | Create | Villager (Male) |
| 11:50 | Create | Villager (Male) |
| 11:55 | Create | Fishing Ship |
| 12:39 | Create | Villager (Male) |
| 12:43 | Create | Fishing Ship |
| 12:49 | Build | Dock |
| 12:56 | Build | House |
| 12:57 | Build | House |
| 13:04 | Create | Villager (Male) |
| 13:06 | Create | Fishing Ship |
| 13:28 | Create | Fishing Ship |
| 13:38 | Create | Villager (Male) |
| 14:01 | Create | Fishing Ship |
| 14:04 | Create | Fishing Ship |
| 14:25 | Create | Villager (Male) |
| 14:35 | Create | Fishing Ship |
| 14:38 | Create | Fishing Ship |
| 14:50 | Research | Feudal Age |
| 15:00 | Build | Dock |
| 15:19 | Build | Barracks |
| 15:34 | Create | Fishing Ship |
| 15:45 | Build | House |
| 15:46 | Create | Fishing Ship |
| 15:56 | Create | Fishing Ship |
| 16:13 | Build | House |
| 16:14 | Build | House |
| 16:16 | Build | House |
| 16:24 | Build | House |
| 16:51 | Create | Fishing Ship |
| 17:04 | Build | House |
| 17:07 | Build | House |
| 17:17 | Age | Feudal Age |
| 17:25 | Research | Double-Bit Axe |
| 17:29 | Create | Villager (Male) |
| 17:30 | Create | Villager (Male) |
| 17:30 | Create | Villager (Male) |
| 17:42 | Build | Blacksmith |
| 17:53 | Research | Tech 906 |
| 17:57 | Create | Villager (Male) |
| 18:21 | Create | Villager (Male) |
| 18:28 | Create | Villager (Male) |
| 18:42 | Build | Mill |
| 18:46 | Create | Villager (Male) |
| 18:52 | Create | Spearman |
| 18:52 | Create | Spearman |
| 19:00 | Build | Stable |
| 19:03 | Build | House |
| 19:08 | Build | House |
| 19:26 | Create | Villager (Male) |
| 19:27 | Create | Fishing Ship |
| 19:30 | Create | Fishing Ship |
| 19:34 | Create | Fishing Ship |
| 20:01 | Create | Scout Cavalry |
| 20:01 | Create | Scout Cavalry |
| 20:03 | Create | Scout Cavalry |
| 20:11 | Create | Villager (Male) |
| 20:11 | Create | Villager (Male) |
| 20:12 | Create | Villager (Male) |
| 20:17 | Build | House |
| 20:23 | Build | Market |
| 20:29 | Create | Villager (Male) |
| 20:52 | Build | Lumber Camp |
| 20:56 | Create | Fishing Ship |
| 21:12 | Research | Castle Age |
| 21:43 | Build | Watch Tower |
| 21:49 | Create | Fishing Ship |
| 22:05 | Create | Scout Cavalry |
| 22:57 | Create | Villager (Male) |
| 23:54 | Age | Castle Age |
| 23:57 | Create | Villager (Male) |
| 23:57 | Create | Villager (Male) |
| 23:58 | Create | Villager (Male) |
| 23:58 | Create | Villager (Male) |
| 24:10 | Build | Town Center |
| 24:16 | Create | Scout Cavalry |
| 24:16 | Create | Scout Cavalry |
| 25:12 | Build | Town Center |
| 25:13 | Create | Villager (Male) |
| 25:14 | Create | Villager (Male) |
| 25:14 | Create | Villager (Male) |
| 25:16 | Create | Villager (Male) |
| 25:16 | Create | Villager (Male) |
| 25:17 | Create | Villager (Male) |
| 25:39 | Build | Town Center |
| 25:44 | Create | Fishing Ship |
| 25:44 | Create | Fishing Ship |
| 25:45 | Create | Fishing Ship |
| 25:46 | Create | Fishing Ship |
| 25:47 | Create | Fishing Ship |
| 25:47 | Create | Fishing Ship |
| 26:04 | Create | Villager (Male) |
| 26:05 | Create | Villager (Male) |
| 26:11 | Create | Villager (Male) |
| 26:13 | Research | Bow Saw |
| 26:35 | Build | Town Center |
| 26:42 | Create | Villager (Male) |
| 26:42 | Create | Villager (Male) |
| 26:43 | Create | Villager (Male) |
| 27:16 | Create | Villager (Male) |
| 27:16 | Create | Villager (Male) |
| 27:31 | Build | Mining Camp |
| 27:40 | Create | Villager (Male) |
| 27:41 | Create | Villager (Male) |
| 27:41 | Create | Villager (Male) |
| 27:41 | Create | Villager (Male) |
| 27:41 | Create | Villager (Male) |
| 27:41 | Create | Villager (Male) |
| 27:42 | Create | Villager (Male) |
| 27:43 | Create | Villager (Male) |
| 27:43 | Create | Villager (Male) |
| 27:43 | Create | Villager (Male) |
| 27:44 | Create | Villager (Male) |
| 27:46 | Build | House |
| 27:47 | Build | House |
| 27:47 | Build | House |
| 27:47 | Build | House |
| 27:48 | Build | House |
| 27:48 | Build | House |
Build order — AlexKngSteel
First 150 of 351 actions detected
| 0:50 | Build | Town Center |
| 2:53 | Build | House |
| 3:14 | Create | Villager (Male) |
| 3:15 | Create | Villager (Male) |
| 3:15 | Create | Villager (Male) |
| 3:15 | Create | Villager (Male) |
| 4:13 | Create | Villager (Male) |
| 5:10 | Build | House |
| 5:14 | Create | Villager (Male) |
| 5:43 | Create | Villager (Male) |
| 5:43 | Create | Villager (Male) |
| 6:02 | Create | Villager (Male) |
| 6:30 | Create | Villager (Male) |
| 6:30 | Create | Villager (Male) |
| 6:45 | Build | House |
| 6:52 | Build | House |
| 6:56 | Build | Palisade Wall |
| 6:56 | Build | Palisade Wall |
| 6:58 | Build | Palisade Wall |
| 7:02 | Create | Villager (Male) |
| 7:08 | Build | Mill |
| 7:19 | Create | Villager (Male) |
| 7:19 | Create | Villager (Male) |
| 7:55 | Create | Villager (Male) |
| 7:56 | Create | Villager (Male) |
| 8:04 | Build | Building 796 |
| 8:07 | Build | House |
| 8:44 | Create | Villager (Male) |
| 8:54 | Build | House |
| 9:02 | Build | Palisade Wall |
| 9:06 | Create | Villager (Male) |
| 9:25 | Create | Villager (Male) |
| 9:36 | Build | Farm |
| 9:40 | Build | Farm |
| 9:47 | Create | Villager (Male) |
| 9:51 | Build | Palisade Wall |
| 9:53 | Build | Palisade Wall |
| 9:54 | Build | Palisade Wall |
| 10:14 | Build | Lumber Camp |
| 10:16 | Create | Villager (Male) |
| 10:54 | Create | Villager (Male) |
| 10:57 | Create | Villager (Male) |
| 11:12 | Create | Villager (Male) |
| 11:17 | Build | Farm |
| 11:41 | Create | Villager (Male) |
| 12:03 | Build | Farm |
| 12:04 | Build | Farm |
| 12:04 | Build | Farm |
| 12:15 | Research | Feudal Age |
| 12:32 | Research | Loom |
| 12:42 | Build | Mill |
| 14:00 | Build | Mining Camp |
| 14:18 | Create | Villager (Male) |
| 14:37 | Build | Barracks |
| 14:52 | Create | Villager (Male) |
| 15:20 | Create | Villager (Male) |
| 15:32 | Build | Stable |
| 15:40 | Build | House |
| 15:44 | Build | Palisade Wall |
| 15:48 | Create | Villager (Male) |
| 15:51 | Create | Spearman |
| 15:58 | Build | House |
| 16:03 | Build | Palisade Wall |
| 16:07 | Create | Villager (Male) |
| 16:34 | Build | Mining Camp |
| 16:40 | Create | Villager (Male) |
| 16:57 | Build | Archery Range |
| 17:05 | Create | Villager (Male) |
| 17:11 | Research | Double-Bit Axe |
| 17:18 | Create | Villager (Male) |
| 17:32 | Build | Watch Tower |
| 17:35 | Build | Palisade Wall |
| 17:37 | Build | Palisade Wall |
| 17:49 | Create | Archer |
| 17:50 | Create | Archer |
| 18:08 | Build | Blacksmith |
| 18:11 | Build | House |
| 18:13 | Create | Villager (Male) |
| 18:16 | Create | Archer |
| 18:28 | Create | Villager (Male) |
| 18:42 | Create | Villager (Male) |
| 19:18 | Create | Archer |
| 19:22 | Research | Fletching |
| 19:51 | Create | Archer |
| 19:52 | Create | Villager (Male) |
| 19:54 | Create | Villager (Male) |
| 19:58 | Build | House |
| 20:03 | Build | House |
| 20:05 | Build | House |
| 20:08 | Build | House |
| 20:09 | Build | House |
| 20:12 | Build | Palisade Wall |
| 20:13 | Create | Villager (Male) |
| 20:15 | Build | Farm |
| 20:16 | Build | Farm |
| 20:16 | Build | Farm |
| 20:18 | Create | Archer |
| 20:21 | Build | Farm |
| 20:21 | Build | Farm |
| 20:49 | Build | Farm |
| 20:51 | Create | Villager (Male) |
| 20:57 | Build | Palisade Wall |
| 21:02 | Build | Farm |
| 21:07 | Create | Spearman |
| 21:07 | Create | Spearman |
| 21:09 | Create | Archer |
| 21:13 | Create | Villager (Male) |
| 21:43 | Build | Farm |
| 21:43 | Build | Farm |
| 21:47 | Build | Farm |
| 21:49 | Create | Villager (Male) |
| 21:51 | Create | Archer |
| 22:13 | Create | Villager (Male) |
| 22:15 | Build | Farm |
| 22:15 | Build | Farm |
| 22:18 | Create | Archer |
| 22:33 | Create | Villager (Male) |
| 22:36 | Build | Farm |
| 22:54 | Create | Villager (Male) |
| 22:56 | Build | Farm |
| 22:57 | Build | Farm |
| 22:59 | Build | Farm |
| 23:11 | Create | Archer |
| 23:14 | Build | Farm |
| 23:16 | Build | Farm |
| 23:58 | Research | Castle Age |
| 24:27 | Create | Archer |
| 24:27 | Create | Archer |
| 24:28 | Create | Villager (Male) |
| 24:56 | Create | Archer |
| 25:22 | Build | Archery Range |
| 25:33 | Research | Padded Archer Armor |
| 25:33 | Create | Archer |
| 25:34 | Create | Archer |
| 25:47 | Create | Archer |
| 25:49 | Create | Spearman |
| 25:49 | Create | Spearman |
| 25:53 | Build | Building 800 |
| 26:01 | Research | Wheelbarrow |
| 26:05 | Research | Horse Collar |
| 26:09 | Build | Palisade Wall |
| 26:11 | Build | Palisade Wall |
| 26:16 | Build | House |
| 26:46 | Research | Pikeman (upgrade) |
| 26:50 | Build | Barracks |
| 26:52 | Build | House |
| 26:53 | Build | House |
| 26:53 | Build | House |
| 27:02 | Create | Villager (Male) |
| 27:06 | Build | House |
Build order — iochoam91
100 actions detected in the replay
| 0:14 | Build | House |
| 0:52 | Build | Town Center |
| 3:27 | Create | Villager (Male) ×4 |
| 4:10 | Build | House |
| 4:49 | Create | Villager (Male) |
| 4:54 | Build | House |
| 5:14 | Research | Loom |
| 5:39 | Create | Villager (Male) |
| 5:39 | Create | Villager (Male) |
| 6:02 | Create | Villager (Male) |
| 6:02 | Create | Villager (Male) |
| 6:39 | Create | Villager (Male) |
| 6:39 | Create | Villager (Male) |
| 7:24 | Create | Villager (Male) |
| 7:58 | Create | Villager (Male) |
| 7:59 | Create | Villager (Male) |
| 8:21 | Create | Villager (Male) |
| 8:22 | Create | Villager (Male) |
| 9:04 | Build | Mill |
| 9:11 | Create | Villager (Male) ×3 |
| 9:29 | Build | House |
| 9:30 | Build | House |
| 10:44 | Create | Villager (Male) |
| 10:44 | Create | Villager (Male) |
| 10:44 | Create | Villager (Male) |
| 11:49 | Build | Mining Camp |
| 12:03 | Create | Villager (Male) |
| 12:03 | Create | Villager (Male) |
| 12:58 | Research | Feudal Age |
| 12:58 | Research | Feudal Age |
| 15:08 | Age | Feudal Age |
| 15:19 | Build | Market |
| 15:26 | Build | Blacksmith |
| 15:39 | Create | Villager (Male) |
| 15:39 | Create | Villager (Male) |
| 15:52 | Build | Farm |
| 15:53 | Build | Farm |
| 15:55 | Build | Farm |
| 16:07 | Build | Farm |
| 16:15 | Build | Farm |
| 16:34 | Build | Farm |
| 16:43 | Build | Farm |
| 17:00 | Build | Farm |
| 17:08 | Build | Farm |
| 18:17 | Build | Farm |
| 18:23 | Build | Farm |
| 18:29 | Build | Farm |
| 18:33 | Research | Castle Age |
| 19:59 | Build | Barracks |
| 21:13 | Age | Castle Age |
| 21:24 | Build | Stable |
| 21:43 | Build | House |
| 21:55 | Create | Villager (Male) ×5 |
| 22:17 | Create | Knight ×5 |
| 22:37 | Build | Mill |
| 23:34 | Build | House |
| 23:35 | Build | House |
| 23:37 | Build | House |
| 24:05 | Research | Wheelbarrow |
| 24:21 | Build | House |
| 24:22 | Build | House |
| 25:08 | Create | Knight ×5 |
| 25:29 | Research | Forging |
| 25:29 | Research | Scale Barding Armor |
| 25:33 | Create | Villager (Male) ×5 |
| 27:56 | Research | Hand Cart |
| 28:55 | Research | Chain Barding Armor |
| 29:02 | Create | Villager (Male) ×5 |
| 29:37 | Build | Town Center |
| 29:48 | Build | Town Center |
| 30:06 | Research | Iron Casting |
| 30:15 | Create | Villager (Male) ×5 |
| 30:24 | Create | Knight ×3 |
| 30:53 | Create | Knight |
| 32:05 | Build | Farm |
| 32:07 | Build | Farm |
| 32:10 | Create | Villager (Male) |
| 32:10 | Create | Villager (Male) |
| 32:12 | Create | Villager (Male) ×5 |
| 32:17 | Create | Villager (Male) ×5 |
| 33:50 | Build | House |
| 33:51 | Build | House |
| 33:51 | Build | House |
| 33:53 | Build | House |
| 35:14 | Build | Castle |
| 36:57 | Build | Farm |
| 36:58 | Build | Farm |
| 36:59 | Build | Farm |
| 37:01 | Research | Imperial Age |
| 37:21 | Research | Husbandry |
| 38:20 | Build | Stable |
| 38:21 | Build | Stable |
| 38:23 | Build | Stable |
| 38:24 | Build | Stable |
| 38:38 | Build | Farm |
| 38:40 | Build | Farm |
| 38:41 | Build | Farm |
| 38:48 | Create | Knight ×5 |
| 38:57 | Create | Knight ×5 |
| 40:11 | Age | Imperial Age |
Build order — Hiller B
First 150 of 175 actions detected
| 1:55 | Build | Town Center |
| 3:40 | Build | House |
| 3:50 | Build | House |
| 4:28 | Create | Villager (Male) |
| 4:29 | Create | Villager (Male) |
| 4:35 | Create | Villager (Male) |
| 4:35 | Create | Villager (Male) |
| 5:21 | Create | Villager (Male) |
| 5:45 | Build | Lumber Camp |
| 5:48 | Create | Villager (Male) |
| 6:17 | Create | Villager (Male) |
| 7:21 | Create | Villager (Male) |
| 7:42 | Create | Villager (Male) |
| 8:01 | Build | Mill |
| 8:18 | Create | Villager (Male) |
| 8:20 | Create | Villager (Male) |
| 8:29 | Build | House |
| 8:40 | Create | Villager (Male) |
| 9:17 | Build | House |
| 9:39 | Create | Villager (Male) |
| 9:47 | Build | House |
| 10:23 | Create | Villager (Male) |
| 10:34 | Build | Barracks |
| 10:58 | Create | Villager (Male) |
| 11:26 | Create | Villager (Male) |
| 12:01 | Research | Loom |
| 12:02 | Research | Feudal Age |
| 12:20 | Build | Lumber Camp |
| 12:42 | Build | Farm |
| 13:51 | Build | Farm |
| 13:58 | Create | Militia |
| 14:29 | Age | Feudal Age |
| 14:40 | Create | Villager (Male) |
| 14:40 | Create | Villager (Male) |
| 14:53 | Build | Dock |
| 15:11 | Build | Farm |
| 15:28 | Build | Dock |
| 15:41 | Build | Mining Camp |
| 15:43 | Create | Villager (Male) |
| 15:45 | Create | Villager (Male) |
| 15:47 | Create | Fishing Ship |
| 16:10 | Create | Villager (Male) |
| 16:24 | Create | Fishing Ship |
| 16:36 | Build | Farm |
| 16:48 | Research | Double-Bit Axe |
| 17:04 | Build | Farm |
| 17:31 | Create | Fishing Ship |
| 17:45 | Create | Villager (Male) |
| 17:48 | Create | Villager (Male) |
| 17:57 | Create | Fishing Ship |
| 18:03 | Build | House |
| 18:06 | Build | House |
| 18:09 | Build | House |
| 18:10 | Build | House |
| 18:49 | Create | Unit 2626 |
| 18:50 | Create | Unit 2626 |
| 19:05 | Build | House |
| 19:26 | Create | Villager (Male) |
| 19:26 | Create | Villager (Male) |
| 19:52 | Build | Blacksmith |
| 20:17 | Create | Fire Galley |
| 20:33 | Build | Market |
| 20:44 | Create | Villager (Male) |
| 20:46 | Create | Villager (Male) |
| 20:47 | Create | Villager (Male) |
| 20:50 | Create | Villager (Male) |
| 21:07 | Create | Unit 2626 |
| 21:27 | Research | Tech 906 |
| 21:36 | Create | Villager (Male) |
| 21:52 | Research | Castle Age |
| 22:12 | Create | Fire Galley |
| 22:17 | Build | Farm |
| 22:26 | Build | Mining Camp |
| 22:40 | Build | House |
| 22:41 | Build | House |
| 22:45 | Build | House |
| 23:23 | Build | Stable |
| 23:26 | Build | Stable |
| 24:22 | Age | Castle Age |
| 24:32 | Research | War Galley (upgrade) |
| 24:59 | Create | Fishing Ship |
| 25:29 | Create | Villager (Male) |
| 25:44 | Build | University |
| 26:02 | Build | Town Center |
| 26:45 | Create | Knight ×5 |
| 27:04 | Create | Villager (Male) |
| 27:04 | Create | Villager (Male) |
| 27:07 | Research | Gold Mining |
| 28:13 | Research | Husbandry |
| 28:15 | Research | Bloodlines |
| 28:17 | Create | Knight ×2 |
| 29:30 | Create | Villager (Male) |
| 29:30 | Create | Villager (Male) |
| 29:30 | Create | Villager (Male) |
| 29:31 | Create | Villager (Male) |
| 29:56 | Create | Knight ×4 |
| 29:57 | Create | Knight ×4 |
| 30:12 | Create | Villager (Male) |
| 30:12 | Create | Villager (Male) |
| 30:16 | Create | Villager (Male) |
| 30:20 | Build | Farm |
| 30:20 | Build | Farm |
| 30:20 | Build | Farm |
| 30:20 | Build | Farm |
| 30:21 | Build | Farm |
| 30:21 | Build | Farm |
| 30:21 | Build | Farm |
| 30:24 | Create | Villager (Male) |
| 30:24 | Create | Villager (Male) |
| 30:24 | Create | Villager (Male) |
| 30:25 | Create | Villager (Male) |
| 30:25 | Create | Villager (Male) |
| 31:33 | Build | House |
| 31:52 | Build | Stone Wall |
| 32:29 | Create | Camel Scout |
| 32:29 | Create | Camel Scout |
| 32:29 | Create | Camel Scout |
| 32:30 | Create | Camel Scout |
| 34:31 | Build | Farm |
| 34:51 | Build | Farm |
| 34:52 | Build | Farm |
| 34:52 | Build | Farm |
| 34:52 | Build | Farm |
| 34:52 | Build | Farm |
| 34:53 | Build | Farm |
| 34:56 | Create | Villager (Male) |
| 34:56 | Create | Villager (Male) |
| 34:56 | Create | Villager (Male) |
| 34:57 | Create | Villager (Male) |
| 34:58 | Create | Villager (Male) |
| 34:58 | Create | Villager (Male) |
| 34:58 | Create | Villager (Male) |
| 36:06 | Create | Villager (Male) |
| 36:23 | Build | Town Center |
| 36:28 | Build | Farm |
| 36:29 | Build | Farm |
| 36:29 | Build | Farm |
| 36:29 | Build | Farm |
| 36:29 | Build | Farm |
| 36:30 | Build | Farm |
| 36:30 | Build | Farm |
| 36:30 | Build | Farm |
| 38:08 | Build | Monastery |
| 38:25 | Create | Knight ×5 |
| 38:26 | Create | Knight ×5 |
| 38:27 | Create | Knight ×3 |
| 38:34 | Build | Stable |
| 39:22 | Create | Knight ×2 |
| 39:22 | Create | Knight ×2 |
| 40:25 | Create | Knight ×3 |
Build order — Arshadox
First 150 of 160 actions detected
| 0:42 | Build | Town Center |
| 2:53 | Build | House |
| 3:16 | Create | Villager (Male) |
| 3:16 | Create | Villager (Male) |
| 3:16 | Create | Villager (Male) |
| 3:29 | Create | Villager (Male) |
| 5:43 | Create | Villager (Male) |
| 5:44 | Create | Villager (Male) |
| 5:44 | Create | Villager (Male) |
| 6:09 | Create | Villager (Male) |
| 6:10 | Create | Villager (Male) |
| 7:00 | Build | House |
| 7:12 | Create | Villager (Male) |
| 7:12 | Create | Villager (Male) |
| 7:24 | Create | Villager (Male) |
| 7:33 | Build | Lumber Camp |
| 8:53 | Create | Villager (Male) |
| 8:53 | Create | Villager (Male) |
| 9:01 | Build | House |
| 10:16 | Build | Dock |
| 10:29 | Create | Villager (Male) |
| 10:29 | Create | Villager (Male) |
| 11:05 | Create | Fishing Ship |
| 11:05 | Create | Fishing Ship |
| 11:41 | Create | Fishing Ship |
| 11:50 | Build | House |
| 12:19 | Build | Mill |
| 12:29 | Create | Fishing Ship |
| 12:34 | Research | Feudal Age |
| 13:50 | Create | Fishing Ship |
| 13:51 | Create | Fishing Ship |
| 13:59 | Build | House |
| 14:00 | Build | House |
| 14:01 | Build | House |
| 14:17 | Create | Villager (Male) |
| 14:17 | Create | Villager (Male) |
| 14:19 | Create | Villager (Male) |
| 14:44 | Age | Feudal Age |
| 14:51 | Create | Villager (Male) |
| 14:55 | Research | Horse Collar |
| 14:58 | Research | Double-Bit Axe |
| 15:23 | Create | Fishing Ship |
| 15:47 | Create | Villager (Male) |
| 15:47 | Create | Villager (Male) |
| 16:10 | Build | Barracks |
| 16:25 | Build | House |
| 16:31 | Build | House |
| 16:33 | Build | House |
| 16:51 | Create | Villager (Male) |
| 17:40 | Build | Mill |
| 17:52 | Create | Villager (Male) |
| 17:53 | Create | Villager (Male) |
| 17:58 | Build | Market |
| 18:14 | Build | Mining Camp |
| 18:17 | Create | Villager (Male) |
| 18:17 | Create | Villager (Male) |
| 18:30 | Build | Lumber Camp |
| 18:52 | Create | Spearman |
| 18:52 | Create | Spearman |
| 19:36 | Build | Archery Range |
| 19:44 | Build | Archery Range |
| 19:51 | Create | Villager (Male) |
| 19:51 | Create | Villager (Male) |
| 19:51 | Create | Villager (Male) |
| 19:51 | Create | Villager (Male) |
| 20:49 | Create | Villager (Male) |
| 20:50 | Create | Villager (Male) |
| 21:09 | Create | Archer |
| 21:09 | Create | Archer |
| 21:48 | Create | Villager (Male) |
| 21:57 | Build | House |
| 21:58 | Build | House |
| 22:36 | Research | Castle Age |
| 22:42 | Create | Archer ×4 |
| 23:47 | Create | Archer |
| 23:47 | Create | Archer |
| 23:48 | Create | Archer |
| 23:55 | Build | House |
| 24:04 | Build | House |
| 24:06 | Build | House |
| 24:07 | Build | House |
| 24:13 | Build | House |
| 24:33 | Create | Archer |
| 24:33 | Create | Archer |
| 24:37 | Create | Archer |
| 24:37 | Create | Archer |
| 25:03 | Build | Farm |
| 25:03 | Build | Farm |
| 25:04 | Build | Farm |
| 25:06 | Build | Farm |
| 25:09 | Build | Farm |
| 25:16 | Age | Castle Age |
| 25:33 | Build | Town Center |
| 25:39 | Create | Villager (Male) |
| 25:39 | Create | Villager (Male) |
| 25:40 | Create | Villager (Male) |
| 25:40 | Create | Villager (Male) |
| 25:41 | Research | Wheelbarrow |
| 25:47 | Research | Crossbowman (upgrade) |
| 26:58 | Build | Farm |
| 27:00 | Build | Farm |
| 27:00 | Build | Farm |
| 27:02 | Build | Farm |
| 27:04 | Build | Farm |
| 27:09 | Research | Gold Mining |
| 27:13 | Create | Archer ×5 |
| 27:13 | Create | Archer ×5 |
| 27:17 | Create | Archer ×5 |
| 28:25 | Create | Archer ×5 |
| 28:29 | Create | Archer ×2 |
| 28:49 | Create | Villager (Male) |
| 28:49 | Create | Villager (Male) |
| 28:50 | Create | Villager (Male) |
| 28:50 | Create | Villager (Male) |
| 28:55 | Create | Villager (Male) |
| 28:55 | Create | Villager (Male) |
| 28:55 | Create | Villager (Male) |
| 28:55 | Create | Villager (Male) |
| 30:05 | Create | Archer ×5 |
| 30:12 | Create | Villager (Male) |
| 30:12 | Create | Villager (Male) |
| 30:20 | Research | Gold Shaft Mining |
| 31:10 | Create | Villager (Male) |
| 31:10 | Create | Villager (Male) |
| 31:11 | Create | Villager (Male) |
| 31:43 | Build | House |
| 31:44 | Build | House |
| 31:46 | Build | House |
| 31:47 | Build | House |
| 31:57 | Build | Lumber Camp |
| 32:09 | Create | Archer |
| 32:09 | Create | Archer |
| 32:13 | Create | Archer |
| 32:13 | Create | Archer |
| 32:28 | Research | Bow Saw |
| 32:33 | Create | Villager (Male) |
| 32:33 | Create | Villager (Male) |
| 32:33 | Create | Villager (Male) |
| 32:34 | Create | Villager (Male) |
| 32:54 | Build | Monastery |
| 33:01 | Build | Blacksmith |
| 33:15 | Create | Archer |
| 33:16 | Create | Archer |
| 33:37 | Build | Town Center |
| 33:46 | Create | Monk |
| 34:04 | Create | Villager (Male) |
| 34:04 | Create | Villager (Male) |
| 34:07 | Research | Hand Cart |
| 34:29 | Build | Farm |
| 34:35 | Build | Farm |
Match timeline
| 4:05 | fabricio.blase.esquivel · first_building Dock |
| 6:56 | AlexKngSteel · wall_segment Palisade Wall x1 |
| 6:56 | AlexKngSteel · wall_segment Palisade Wall x1 |
| 6:58 | AlexKngSteel · wall_segment Palisade Wall x2 |
| 9:02 | AlexKngSteel · wall_segment Palisade Wall x3 |
| 9:51 | AlexKngSteel · wall_segment Palisade Wall x1 |
| 9:53 | AlexKngSteel · wall_segment Palisade Wall x1 |
| 9:54 | AlexKngSteel · wall_segment Palisade Wall x1 |
| 10:16 | Arshadox · first_building Dock |
| 10:34 | Hiller B · first_building Barracks |
| 12:29 | SF PLAYER · wall_segment Palisade Wall x3 |
| 14:03 | SF PLAYER · wall_segment Palisade Wall x1 |
| 14:06 | SF PLAYER · wall_segment Palisade Wall x2 |
| 14:24 | SF PLAYER · age_up feudal |
| 14:29 | Hiller B · age_up feudal |
| 14:37 | AlexKngSteel · first_building Barracks |
| 14:44 | Arshadox · age_up feudal |
| 14:53 | Hiller B · first_building Dock |
| 15:08 | iochoam91 · age_up feudal |
| 15:19 | fabricio.blase.esquivel · first_building Barracks |
| 15:32 | AlexKngSteel · first_building Stable |
| 15:44 | AlexKngSteel · wall_segment Palisade Wall x5 |
| 16:03 | AlexKngSteel · wall_segment Palisade Wall x13 |
| 16:10 | Arshadox · first_building Barracks |
| 16:30 | SF PLAYER · first_market_buy 100 food |
| 16:33 | SF PLAYER · first_market_sell 100 stone |
| 16:57 | AlexKngSteel · first_building Archery Range |
| 17:04 | SF PLAYER · wall_segment Palisade Wall x5 |
| 17:17 | fabricio.blase.esquivel · age_up feudal |
| 17:35 | AlexKngSteel · wall_segment Palisade Wall x1 |
| 17:37 | AlexKngSteel · wall_segment Palisade Wall x1 |
| 18:02 | SF PLAYER · wall_segment Palisade Wall x2 |
| 18:15 | SF PLAYER · wall_segment Palisade Wall x1 |
| 18:21 | SF PLAYER · wall_segment Palisade Wall x3 |
| 18:25 | SF PLAYER · wall_segment Palisade Wall x2 |
| 18:31 | SF PLAYER · first_building Barracks |
| 19:00 | fabricio.blase.esquivel · first_building Stable |
| 19:25 | SF PLAYER · age_up castle |
| 19:36 | Arshadox · first_building Archery Range |
| 19:59 | iochoam91 · first_building Barracks |
| 20:12 | AlexKngSteel · wall_segment Palisade Wall x7 |
| 20:18 | SF PLAYER · first_building Archery Range |
| 20:57 | AlexKngSteel · wall_segment Palisade Wall x8 |
| 21:13 | iochoam91 · age_up castle |
| 21:19 | SF PLAYER · wall_segment Palisade Wall x1 |
| 21:24 | iochoam91 · first_building Stable |
| 21:49 | Hiller B · first_market_sell 100 food |
| 22:32 | SF PLAYER · wall_segment Palisade Wall x1 |
| 23:23 | Hiller B · first_building Stable |
| 23:54 | fabricio.blase.esquivel · age_up castle |
| 24:05 | fabricio.blase.esquivel · first_market_buy 100 stone |
| 24:22 | Hiller B · age_up castle |
| 25:16 | Arshadox · age_up castle |
| 26:09 | AlexKngSteel · wall_segment Palisade Wall x1 |
| 26:11 | AlexKngSteel · wall_segment Palisade Wall x1 |
| 27:09 | AlexKngSteel · wall_segment Stone Wall x1 |
| 27:20 | SF PLAYER · first_building Stable |
| 29:18 | SF PLAYER · wall_segment Palisade Wall x1 |
| 29:20 | AlexKngSteel · wall_segment Palisade Wall x1 |
| 29:29 | AlexKngSteel · first_building Castle |
| 30:09 | fabricio.blase.esquivel · first_building Castle |
| 30:12 | SF PLAYER · first_building Monastery |
| 31:52 | Hiller B · wall_segment Stone Wall x9 |
| 32:54 | Arshadox · first_building Monastery |
| 34:37 | iochoam91 · first_market_sell 100 wood |
| 35:14 | iochoam91 · first_building Castle |
| 35:15 | SF PLAYER · first_building Castle |
| 35:30 | Arshadox · first_building Castle |
| 37:25 | fabricio.blase.esquivel · resign |
| 37:31 | SF PLAYER · age_up imperial |
| 38:08 | Hiller B · first_building Monastery |
| 39:13 | AlexKngSteel · first_market_sell 500 stone |
| 40:11 | iochoam91 · age_up imperial |
| 40:55 | Hiller B · first_building Castle |
| 42:03 | AlexKngSteel · first_building Monastery |
| 47:06 | Hiller B · age_up imperial |
[ AI ANALYSIS · 1 CREDIT ]
What really happened in this match?
Wolo.gg analyzes every decision: build order, eco, micro, common mistakes by bracket. Personalized analysis on WhatsApp or Discord in 30 seconds.
Civ guide
Mongols
Map guide
Nomad
Perfil
SF PLAYER